 Dungeon Crawl Stone Soup version 0.25-a0-474-ga8a2ee3166 (webtiles) character file.

Game seed: 176746371852986496, levelgen mode: deterministic

9422 kae the Covert (level 11, -12/56 HPs)
             Began as a Spriggan Enchanter on Feb 7, 2020.
             Was a Priest of Dithmenos.
             Mangled by a four-headed hydra (15 damage)
             ... on level 3 of the Lair of Beasts.
             The game lasted 00:24:17 (14703 turns).

kae the Covert (Spriggan Enchanter)                Turns: 14703, Time: 00:24:18

Health: -12/56     AC:  3    Str:  6    XL:     11   Next: 22%
Magic:  10/21      EV: 26    Int: 17    God:    Dithmenos [***...]
Gold:   569        SH:  0    Dex: 18    Spells: 13/22 levels left

rFire    . . .     SeeInvis +   b - +5 short sword
rCold    . . .     Gourm    .   (shield restricted)
rNeg     . . .     Faith    .   w - +1 robe
rPois    +         Spirit   .   (helmet restricted)
rElec    .         Reflect  .   (no cloak)
rCorr    .         Harm     .   (gloves unavailable)
MR       +....                  (boots unavailable)
Stlth    +++++++++.             (no amulet)
HPRegen  0.18/turn              x - ring of poison resistance
MPRegen  0.17/turn              q - ring of stealth

@: wreathed by umbra, very quick
A: very small, unfitting armour, see invisible, herbivore, speed 3, slow
metabolism 2
a: Shadow Step, Renounce Religion


You were on level 3 of the Lair of Beasts.
You worshipped Dithmenos.
Dithmenos was most pleased with you.
You were not hungry.

You visited 3 branches of the dungeon, and saw 15 of its levels.

You collected 625 gold pieces.
You spent 56 gold pieces at shops.

Inventory:

Hand Weapons
 a - a +2 dagger
 b - a +5 short sword (weapon)
Armour
 w - a +1 robe (worn)
Jewellery
 e - an uncursed ring of protection from fire
 q - a ring of stealth (right hand)
 x - a ring of poison resistance (left hand)
Wands
 j - a wand of acid (11)
 k - a wand of scattershot (6)
 o - a wand of iceblast (22)
 A - a wand of random effects (26)
 C - a wand of flame (26)
 D - a wand of polymorph (9)
Scrolls
 c - 5 scrolls of remove curse
 f - 3 scrolls of enchant weapon
 i - 3 scrolls of fear
 r - 2 scrolls of enchant armour
 t - a scroll of fog
 v - 2 scrolls of summoning
 B - 3 scrolls of teleportation
 E - a scroll of amnesia
Potions
 g - 3 potions of curing
 h - 4 potions of heal wounds
 l - a potion of invisibility
 m - a potion of agility
 n - 2 potions of haste
 p - 2 potions of flight
 s - 3 potions of might
 u - a potion of brilliance
 z - a potion of lignification
Miscellaneous
 y - a lightning rod (4/4)
Comestibles
 d - 5 rations


   Skills:
 - Level 6.0 Fighting
 - Level 8.1 Short Blades
 - Level 10.1 Dodging
 - Level 13.1 Stealth
 - Level 6.0 Spellcasting
 - Level 8.1 Hexes
 + Level 5.5 Invocations


You had 13 spell levels left.
You knew the following spells:

 Your Spells              Type           Power        Failure   Level  Hunger
a - Corona                Hex            ####...      1%          1    None
b - Ensorcelled Hibernat  Hex/Ice        ###...       3%          2    None
c - Confusing Touch       Hex            ####....     1%          3    ##.....
d - Tukima's Dance        Hex            ####....     1%          3    ##.....

Your spell library contained the following spells:

 Spells                   Type           Power        Failure   Level  Hunger
 Dazzling Flash           Conj/Hex       ###...       8%          3    ##.....
 Freeze                   Ice            #...         13%         1    None
 Shock                    Conj/Air       #...         13%         1    None
 Summon Butterflies       Summ           #.......     13%         1    None
 Swiftness                Chrm/Air       #.......     19%         2    None
 Call Canine Familiar     Summ           #.......     36%         3    ##.....
 Frozen Ramparts          Ice            #.....       36%         3    ##.....
 Ozocubu's Armour         Chrm/Ice       #.......     36%         3    ##.....
 Static Discharge         Conj/Air       #.......     36%         3    ##.....
 Summon Mana Viper        Hex/Summ       ###.....     56%         5    #####..
 Airstrike                Air            #.........   77%         4    ####...
 Hailstorm                Conj/Ice       #.......     77%         4    ####...
 Summon Ice Beast         Ice/Summ       #.......     77%         4    ####...
 Lightning Bolt           Conj/Air       #.........   98%         5    #####..
 Summon Hydra             Summ           #.........   100%        7    #######


Dungeon Overview and Level Annotations

Branches:
Dungeon (11/15)            Temple (1/1) D:4            Lair (3/6) D:9
 Shoals (0/4) Lair:3       Spider (0/4) Lair:3          Orc (0/2) D:9

Altars:
Ashenzari
Cheibriados
Dithmenos
Elyvilon
Fedhas
Gozag
Hepliaklqana
Kikubaaqudgha
Makhleb
Nemelex Xobeh
Okawaru
Qazlal
Ru
Sif Muna
Trog
Uskayaw
Vehumet
Wu Jian
Xom
Yredelemnul
Zin
The Shining One

Shops:
D:7 !   D:8 [   D:9 }[   D:10 *

Annotations:
D:6 2 transporters, Gruesome's ghost, novice FoFi
D:10 exclusions: sky beast and two-headed ogre, Maurice; Sonja
Lair:1 exclusion: 6 yaks
Lair:3 exclusions: 2 death yaks and electric eel


Innate Abilities, Weirdness & Mutations

You are very small and have problems with some larger weapons.
You are too small for most types of armour.
You have supernaturally acute eyesight. (SInv)
You are a herbivore.
You cover ground extremely quickly.
You need to consume almost no food.


Message History

You barely miss the four-headed hydra.
The four-headed hydra is almost dead.
The four-headed hydra bites you!
The four-headed hydra barely misses you.
The four-headed hydra bites you.
* * * LOW HITPOINT WARNING * * *
The four-headed hydra barely misses you.
You hit the four-headed hydra.
The four-headed hydra is almost dead.
You hit the four-headed hydra but do no damage.
The four-headed hydra is almost dead.
The four-headed hydra barely misses you. x2
The four-headed hydra misses you. x2
You puncture the four-headed hydra!
The four-headed hydra is almost dead.
The four-headed hydra bites you!
* * * LOW HITPOINT WARNING * * *
The four-headed hydra closely misses you.
The four-headed hydra bites you!
You die...

##..# ......P.## .P..#
##.#......# .P...
......P.# ....#
######.....P.#
....###.#.....†....#
.................#.###
..............PP##...#
.................D..#
#..#.#..###.....@..#
..........#........#
..........#..###...#
..####......#. .#..#
.. #.......... ..#
..####....#..... ..#
.^#.#........... ...
#............... ..##
#...........#.


You could see a four-headed hydra.

Vanquished Creatures
  2 wolf spiders (Lair:3)
  2 spiny frogs
  A troll (D:9)
  A meliai zombie (D:10)
  A snapping turtle (Lair:3)
  2 hippogriffs (Lair:3)
  4 yaks (D:9)
  Sigmund (D:3)
  A redback (Lair:3)
  A basilisk (D:9)
  A steam dragon (D:10)
  A hungry ghost (D:7)
  2 insubstantial wisps (D:10)
  5 water moccasins
  5 orc warriors
  4 porcupines
  7 sky beasts
  3 ice beasts
  An ogre (D:9)
  An eye of draining (D:10)
  A phantom (D:8)
  3 wolves (Lair:3)
  3 crocodiles (D:9)
  2 centaurs
  9 bullfrogs
  A water moccasin skeleton (D:6)
  2 scorpions
  7 killer bees
  2 howler monkeys (D:8)
  3 crimson imps
  A centaur zombie (D:6)
  A quasit (D:9)
  3 hounds
  2 jellies (D:10)
  8 orc priests
  9 orc wizards
  A bullfrog skeleton (D:6)
  2 iguanas
  4 worker ants
  A hound zombie (D:6)
  4 worker ant zombies
  Robin (D:2)
  16 adders
  3 shadow imps
  An ooze (D:4)
  3 worms
  2 dart slugs (D:2)
  3 leopard geckos
  47 orcs
  3 giant cockroaches
  11 goblins
  5 hobgoblins
  3 jackals (D:2)
  9 quokkas
  2 ball pythons
  3 frilled lizards
  A kobold (D:3)
  A quokka zombie (D:5)
  2 rats
231 creatures vanquished.

Vanquished Creatures (others)
  10 fungi
  5 plants (D:9)
15 creatures vanquished.

Grand Total: 246 creatures vanquished

Notes
Turn   | Place    | Note
-------+----------+-------------------------------------------
     0 | D:1      | kae the Spriggan Enchanter began the quest for the Orb.
     0 | D:1      | Reached XP level 1. HP: 9/9 MP: 5/5
     1 | D:1      | You fall into a shaft and drop 1 floor!
    15 | D:2      | Noticed Robin
   519 | D:2      | Reached XP level 2. HP: 5/13 MP: 4/6
   624 | D:2      | Learned a level 2 spell: Ensorcelled Hibernation
   918 | D:2      | Killed Robin
   986 | D:2      | Reached XP level 3. HP: 7/16 MP: 0/8
  1222 | D:2      | Reached XP level 4. HP: 21/21 MP: 9/9
  1291 | D:2      | Reached skill level 5 in Hexes
  1509 | D:2      | Found a shattered altar of Ashenzari.
  1510 | D:2      | Found a bloodstained altar of Trog.
  1793 | D:3      | Reached XP level 5. HP: 24/24 MP: 7/10
  2516 | D:3      | Found a shimmering altar of Xom.
  2564 | D:3      | Noticed Sigmund
  2566 | D:3      | Killed Sigmund
  2566 | D:3      | Reached skill level 5 in Short Blades
  2566 | D:3      | Reached XP level 6. HP: 28/28 MP: 11/11
  3079 | D:4      | Learned a level 3 spell: Confusing Touch
  3083 | D:4      | Learned a level 3 spell: Tukima's Dance
  3274 | D:4      | Found a staircase to the Ecumenical Temple.
  3288 | Temple   | Entered the Ecumenical Temple
  3480 | Temple   | Became a worshipper of Dithmenos the Shadowed
  3759 | D:4      | Found an ancient bone altar of Kikubaaqudgha.
  3965 | D:5      | Entered Level 5 of the Dungeon
  4069 | D:5      | Found a shattered altar of Ashenzari.
  4069 | D:5      | Noticed an ice beast
  4347 | D:5      | Reached XP level 7. HP: 25/32 MP: 7/12
  4361 | D:5      | Reached skill level 1 in Fighting
  5085 | D:4      | HP: 1/35 [orc warrior/+0 dire flail (24)]
  5908 | D:5      | Reached skill level 1 in Invocations
  6249 | D:6      | Reached XP level 8. HP: 39/42 MP: 10/13
  6492 | D:6      | Found a transporter.
  6493 | D:6      | Noticed Gruesome's ghost (novice FoFi)
  6493 | D:6      | Identified the +7 great mace of Indomitability {freeze,
                  | rN++ MP-9 Str+3 Int-4}
  6664 | D:6      | Found a glowing golden altar of the Shining One.
  6702 | D:6      | Found a transporter.
  6812 | D:6      | Reached * piety under Dithmenos
  7665 | D:7      | Reached skill level 5 in Spellcasting
  7764 | D:7      | Reached skill level 5 in Invocations
  7995 | D:7      | Found Ygguwao's Distillery.
  8012 | D:7      | Bought a potion of lignification for 42 gold pieces
  8012 | D:7      | Bought a potion of degeneration for 14 gold pieces
  8729 | D:8      | Found a shattered altar of Ashenzari.
  8826 | D:8      | Reached XP level 9. HP: 39/45 MP: 11/18
  9078 | D:8      | Found an ornate altar of the Wu Jian Council.
  9596 | D:8      | Found Qeroiddueh's Antique Armour Shoppe.
  9993 | D:9      | Reached ** piety under Dithmenos
 10103 | D:9      | Reached skill level 5 in Stealth
 10183 | D:9      | Reached skill level 6 in Stealth
 10319 | D:9      | Found a staircase to the Lair.
 10516 | D:9      | Reached skill level 7 in Stealth
 10626 | D:9      | Found a staircase to the Orcish Mines.
 10628 | D:9      | Found Rofoirgh's Armour Shop.
 10637 | D:9      | Noticed a troll
 10643 | D:9      | Killed a troll
 10643 | D:9      | Reached skill level 8 in Stealth
 10691 | D:9      | Reached skill level 9 in Stealth
 10709 | D:9      | Reached skill level 10 in Stealth
 10863 | D:9      | Reached skill level 11 in Stealth
 10894 | D:9      | Reached skill level 12 in Stealth
 11028 | D:9      | Reached XP level 10. HP: 26/49 MP: 16/19
 11463 | D:9      | Found Doifikea's Gadget Boutique.
 11472 | D:9      | Reached skill level 13 in Stealth
 11582 | D:10     | Entered Level 10 of the Dungeon
 11681 | D:10     | Noticed Sonja
 11838 | D:10     | Noticed a two-headed ogre
 12342 | D:10     | Reached *** piety under Dithmenos
 12402 | D:10     | You fall into a shaft and drop 1 floor!
 12469 | D:10     | Reached skill level 5 in Dodging
 12550 | D:10     | Reached skill level 5 in Fighting
 13155 | D:10     | Found Zeadacs's General Store.
 13204 | D:10     | Noticed Maurice
 13353 | Lair:1   | Entered Level 1 of the Lair of Beasts
 13356 | Lair:1   | Noticed a spiny frog
 13363 | Lair:1   | Killed a spiny frog
 14075 | Lair:2   | You fall into a shaft and drop 1 floor!
 14076 | Lair:3   | Noticed a five-headed hydra
 14147 | Lair:3   | Noticed a death yak
 14156 | Lair:3   | Noticed a death yak
 14297 | Lair:3   | Found a staircase to the Shoals.
 14405 | Lair:3   | Noticed a spiny frog
 14410 | Lair:3   | Killed a spiny frog
 14410 | Lair:3   | Reached XP level 11. HP: 52/56 MP: 7/20
 14419 | Lair:3   | Reached skill level 10 in Dodging
 14463 | Lair:3   | Found a hole to the Spider Nest.
 14463 | Lair:3   | Noticed a wolf spider
 14464 | Lair:3   | Noticed a wolf spider
 14619 | Lair:3   | Killed a wolf spider
 14621 | Lair:3   | Reached **** piety under Dithmenos
 14630 | Lair:3   | Killed a wolf spider
 14691 | Lair:3   | Noticed a four-headed hydra
 14703 | Lair:3   | Mangled by a four-headed hydra

Levels and vault maps discovered:
D:1:      dpeg_arrival_boxes_within_box, layout_rooms, evilmike_ruin_ashenzari
D:2:      layout_loops_ring, minitemple, uniq_robin
D:3:      layout_loops_corners, xom_teletrap_fun, uniq_sigmund
D:4:      layout_basic, lemuel_doored_altar, temple_statues
D:5:      layout_basic, basic_altar, first_ration
D:6:      layout_layer_cave, gammafunk_ghost_smash, tso_altar
D:7:      layout_layer_cave, serial_shops, shop
D:8:      layout_basic, kennysheep_little_box, basic_altar, serial_shops, shop
D:9:      layout_roguey, minmay_lair_entry_grove, orc_david_3, serial_shops,
          nicolae_shop_window_shopping
D:10:     layout_stronghold, serial_shops, kennysheep_mini,
          hangedman_misty_isle, uniq_sonja, uniq_maurice
D:11:     layout_rooms, the_bakery, nicolae_transmutations_shop,
          nrook_mini_backslash
Temple:   dpeg_five_rooms_temple
Lair:1:   layout_gridlike, nicolae_lair_grove_arrangements
Lair:2:   layout_misc_corridors, chequers_serial_rivers_micro_a,
          grunt_megastairs_4
Lair:3:   layout_chaotic_city, minmay_shoals_entry_hut,
          spider_nest_entry_funnel_web, grunt_forest_small_clearings,
          minmay_lair_oklob_bushes, grunt_megastairs_5, serial_bayou_shore_b

Skill      XL: |  1  2  3  4  5  6  7  8  9 10 11 |
---------------+----------------------------------+-----
Short Blades   | 2 3 5 6 7 8 |  8.1
Hexes          | 4 5 6 7 8 |  8.1
Fighting       | 4 6 |  6.0
Invocations    | 1 5 |  5.5
Spellcasting   | 5 6 |  6.0
Stealth        | 12 13 | 13.1
Dodging        | 9 10 | 10.1

Action                   |  1- 3 |  4- 6 |  7- 9 | 10-12 || total
-------------------------+-------+-------+-------+-------++-------
Melee: Dagger            |    51 |   119 |   211 |       ||   381
       Short sword       |       |       |    99 |   137 ||   236
 Cast: Corona            |     9 |     1 |     1 |     1 ||    12
       Ensorcelled Hiber |     9 |    41 |   113 |    65 ||   228
       Confusing Touch   |       |     3 |     8 |     4 ||    15
Invok: Shadow Step       |       |       |       |     1 ||     1
  Use: Scroll            |       |     6 |    12 |     2 ||    20
       Potion            |       |       |       |     1 ||     1
 Stab: Sleeping          |     9 |    39 |    70 |    56 ||   174
       Confused          |       |     1 |    12 |     2 ||    15
       Distracted        |       |     1 |     1 |       ||     2
  Eat: Ration            |       |     2 |     6 |     3 ||    11
Armor: Robe              |     4 |     7 |    12 |     4 ||    27
Dodge: Dodged            |    39 |    73 |   204 |   104 ||   420

Table legend:
 A = Non-vault XP
 B = Vault XP
 C = Vault XP percentage of total XP
 D = Non-vault monster count
 E = Vault monster count
 F = Vault count percentage of total count
                 A         B        C        D         E       F
            +---------+---------+-------+---------+---------+-------
      Total |    8167 |    5294 |  39.3 |     192 |      39 |  16.9
            +---------+---------+-------+---------+---------+-------
        D:2 |     116 |      27 |  18.9 |      21 |       7 |  25.0
        D:3 |     160 |     212 |  57.0 |      26 |       1 |   3.7
        D:4 |     262 |       0 |   0.0 |       9 |       0 |   0.0
        D:5 |     552 |       0 |   0.0 |      24 |       0 |   0.0
        D:6 |     546 |       0 |   0.0 |      18 |       0 |   0.0
        D:7 |     741 |       0 |   0.0 |      10 |       0 |   0.0
        D:8 |     395 |       0 |   0.0 |      20 |       0 |   0.0
        D:9 |     933 |    2327 |  71.4 |      16 |      20 |  55.6
       D:10 |    1737 |     897 |  34.1 |      31 |       6 |  16.2
     Lair:1 |     831 |       0 |   0.0 |       5 |       0 |   0.0
     Lair:3 |    1894 |    1831 |  49.2 |      12 |       5 |  29.4
            +---------+---------+-------+---------+---------+-------
